Map: Pillars of Gold LE

Players

Ding

  • Race: Protoss Protoss
  • League: Diamond
  • Spawn Location: 7:00

Exusiai - Winner!

  • Race: Protoss Protoss
  • League: Diamond
  • Spawn Location: 1:00

VOD

Have the link to the VOD?

Description

Time

  • Played on: Dec. 27, 2020, 6:04 a.m.
  • Length: 7:15
Show
View Real Time Build Order
Export as new Build Order

Ding Protoss 

Build Orders:  

Get SALT Encoding   

  12  0:01  Probe  
  13  0:13  Probe  
  14  0:20  Pylon  
  14  0:25  Probe  
  15  0:38  Probe (Chrono Boost)  
  15  0:40  Gateway  
  17  0:50  Probe (Chrono Boost), Assimilator  
  17  0:56  Probe (Chrono Boost)  
  18  0:59  Assimilator  
  18  1:04  Probe  
  19  1:16  Probe (Chrono Boost)  
  19  1:18  Gateway  
  20  1:28  Probe (Chrono Boost)  
  21  1:33  Probe (Chrono Boost)  
  21  1:38  Cybernetics Core  
  22  1:44  Probe  
  23  1:49  Pylon  
  23  2:07  Probe  
  26  2:13  Stalker (Chrono Boost)  
  26  2:14  Zealot (Chrono Boost), Shield Battery  
  28  2:23  Shield Battery  
  28  2:30  Pylon  
  28  2:43  Stalker  
  30  2:52  Stalker  
  28  3:02  Warp Gate (Chrono Boost)  
  28  3:05  Shield Battery  
  28  3:06  Shield Battery  
  28  3:22  Pylon  
  28  3:24  Pylon  
  28  3:49  Gateway  
  28  3:56  Pylon  
  28  3:59  Stalker  
  28  4:16  Shield Battery  
  28  4:19  Shield Battery  
  28  4:25  Gateway  
  28  4:44  Stalker  
  28  4:45  Stalker  
  22  5:14  Stalker  
  19  5:22  Stalker  
  18  5:50  Zealot x2  
  15  6:21  Probe  
  14  6:33  Probe  
  13  6:41  Cybernetics Core  
  13  6:45  Pylon, Probe  
Show
View Real Time Build Order
Export as new Build Order

Exusiai Protoss - Winner!

Build Orders:  

Get SALT Encoding   

  12  0:00  Probe  
  13  0:13  Probe  
  14  0:25  Probe  
  15  0:34  Pylon  
  15  0:52  Gateway  
  15  0:54  Forge  
  15  0:59  Gateway  
  15  1:05  Probe (Chrono Boost)  
  16  1:16  Probe (Chrono Boost)  
  17  1:25  Pylon  
  17  1:31  Pylon  
  17  1:50  Photon Cannon  
  17  1:52  Gateway  
  17  1:54  Gateway  
  17  1:58  Zealot (Chrono Boost)  
  21  2:12  Zealot (Chrono Boost)  
  21  2:22  Photon Cannon  
  21  2:31  Cybernetics Core  
  21  2:46  Zealot x2  
  25  3:07  Photon Cannon  
  25  3:09  Shield Battery  
  25  3:10  Shield Battery  
  25  3:11  Shield Battery  
  25  3:25  Photon Cannon  
  25  3:26  Zealot (Chrono Boost)  
  25  3:42  Photon Cannon  
  25  3:43  Zealot  
  25  3:47  Zealot  
  29  3:59  Assimilator  
  27  4:10  Zealot  
  27  4:26  Photon Cannon  
  27  4:34  Photon Cannon  
  27  4:36  Shield Battery  
  27  4:38  Pylon  
  27  5:02  Probe  
  27  5:06  Shield Battery  
  28  5:07  Shield Battery  
  28  5:08  Zealot (Chrono Boost), Photon Cannon  
  24  5:37  Shield Battery  
  24  5:38  Shield Battery  
  24  5:41  Pylon  
  24  5:52  Stalker  
  26  5:57  Stalker  
  26  6:01  Stalker  
  30  6:10  Pylon  
  30  6:45  Shield Battery  
Tags
 
Add a new tag
Caveats
  • Supply blocks, unpowered buildings, or Contaminate may cause inaccurate times.
  • Supply counts are checked every 10 seconds.